 Dungeon Crawl Stone Soup version 0.29-a0-529-gfa20dd96a1 (webtiles) character file.

Game seed: 10676305688245508425

623 xian the Conjurer (level 7, -1/52 HPs)
             Began as a Pale Draconian Conjurer on June 2, 2022.
             Slain by a bullfrog (3 damage)
             ... on level 4 of the Dungeon.
             The game lasted 00:14:29 (5249 turns).

xian the Conjurer (Pale Draconian Conjurer)         Turns: 5249, Time: 00:14:30

Health: -1/52      AC:  7    Str:  7 (10) XL:     7   Next: 22%
Magic:  13/13      EV: 11    Int: 17 (20) God:
Gold:   232        SH:  0    Dex:  6 (9)  Spells: 7/14 levels left

rFire   . . .      SeeInvis .   y - +0 hand axe (elec)
rCold   . . .      Faith    .   (no shield)
rNeg    . . .      Spirit   .   (body armour unavailable)
rPois   .          Reflect  .   (helmet restricted)
rElec   .          Harm     .   (no cloak)
rCorr   .          Rampage  .   j - +0 pair of gloves
Will    .....                   (no boots)
Stlth   ++........              (no amulet)
HPRegen 0.17/turn               (no ring)
MPRegen 0.13/turn               (no ring)

@: about to teleport
A: breathe steam, AC +6, unfitting armour, cold-blooded, steam resistance
a: Breathe Steam


You were on level 4 of the Dungeon.
You visited 1 branch of the dungeon, and saw 4 of its levels.

You collected 232 gold pieces.

Inventory:

Hand Weapons
 y - a +0 hand axe of electrocution (weapon)
Missiles
 g - 15 poisoned darts
Armour
 j - a +0 pair of gloves (worn)
Magical Staves
 i - a staff of cold
 k - a staff of air
Jewellery
 h - a +6 ring of strength
Wands
 p - a wand of digging (4)
Scrolls
 b - 2 scrolls of fear {unknown}
 c - a scroll of enchant weapon
 d - 2 scrolls of amnesia {unknown}
 e - a scroll of immolation
 l - a scroll of brand weapon {unknown}
 o - a scroll of magic mapping
 q - a scroll of teleportation
 u - a scroll of acquirement {unknown}
 w - a scroll of torment {unknown}
 x - a scroll of fog {unknown}
Potions
 a - 2 potions of magic
 f - a potion of invisibility {unknown}
 m - 2 potions of haste {unknown}
 n - a potion of degeneration
 r - a potion of lignification {unknown}
 s - a potion of attraction {unknown}
 t - a potion of heal wounds {unknown}
 v - 2 potions of might {unknown}
 z - a potion of mutation {unknown}


   Skills:
 + Level 1.3 Fighting
 + Level 2.4 Short Blades
 + Level 0.1 Maces & Flails
 + Level 2.5 Dodging
 + Level 2.5 Stealth
 + Level 4.4 Spellcasting
 + Level 6.2 Conjurations


You had 7 spell levels left.
You knew the following spells:

 Your Spells              Type           Power      Damage    Failure   Level
a - Magic Dart            Conj           100%       1d8       1%          1
b - Searing Ray           Conj           50%        2d6       1%          2
c - Iskenderun's Mystic   Conj/Tloc      14%        2d5       38%         4

Your spell library contained the following spells:

 Spells                   Type           Power      Damage    Failure   Level
 Dazzling Flash           Conj/Hex       28%        N/A       13%         3
 Fulminant Prism          Conj/Hex       7%         3d7       38%         4
 Frozen Ramparts          Ice            6%         1d2       41%         3
 Ice Form                 Ice/Tmut       3%         N/A       83%         4
 Summon Ice Beast         Ice/Summ       3%         N/A       83%         4


Dungeon Overview and Level Annotations

Branches:
Dungeon (4/15)
 Temple: D:4-7

Altars:
Makhleb
Xom
Zin

Shops:
D:2 [


Innate Abilities, Weirdness & Mutations

You can breathe blasts of scalding, opaque steam.
Your pale cyan-grey scales are hard. (AC +6)
You cannot fit into any form of body armour.
You are cold-blooded and may be slowed by cold attacks.
You are immune to the effects of steam.


Message History

Confirm with . or Enter, or press ? or * to list all spells.
Okay, then.
The black bear is engulfed in a cloud of scalding steam.
The scorpion is engulfed in a cloud of scalding steam.
You kill the scorpion!
The hobgoblin shouts!
The bullfrog closely misses you. Something hits you.
The bullfrog barely misses you. The dart slug completely misses you.
The bullfrog hits you but does no damage.
An orc comes into view. It is wielding a +0 hand axe.
The orc shouts!
The bullfrog hits you. The dart slug launches a dart at you.
The slug dart hits you.
The black bear attacks as you move away!
The black bear bites you.
The black bear claws you but does no damage.
The black bear closely misses you. Something hits you.
The bullfrog hits you but does no damage.
The dart slug bites you. Something hits you.
* * * LOW HITPOINT WARNING * * *
Something hits you.
* * * LOW HITPOINT WARNING * * *
The bullfrog hits you.
* * * LOW HITPOINT WARNING * * *
Okay, then.
As you read the scroll of teleportation, it crumbles to dust.
You feel strangely unstable. Something hits you.
* * * LOW HITPOINT WARNING * * *
The bullfrog hits you.
* * * LOW HITPOINT WARNING * * *
The dart slug bites you but does no damage.
It was a potion of degeneration.
There was something very wrong with that liquid.
You feel weakened.
You feel dopey.
You feel clumsy.
You have got your breath back.
The bullfrog hits you.
You die...

#.!....# #..?...# #####
#......# #...# #......#
#...# #......# #...#
#......######...#
#.####..gh..#........#
......o..w{###........#
.###...?.F@###........#####
...#......'...............
#.. ##.....###........#####
#. #.#....# ###...........
. #[###†..# #.....######
#.# #.#..# #.....# # .#
#..#.######.....# # #.#.#.#
#........# # #:###..#
#...†....# #


You could see a black bear, a bullfrog, a dart slug, an orc and a hobgoblin.

Vanquished Creatures
  Grinder (D:3)
  A scorpion (D:4)
  A jelly (D:3)
  Natasha (thrice) (D:3)
  2 orc wizards (D:3)
  A gnoll (D:2)
  8 adders
  6 worms
  5 dart slugs
  5 orcs
  7 ball pythons
  4 endoplasms
  7 giant cockroaches
  5 goblins
  8 hobgoblins
  6 jackals
  5 kobolds
  5 quokkas
  8 bats
  4 frilled lizards
  7 rats
99 creatures vanquished.

Vanquished Creatures (others)
  An angel (D:3)
  A fungus (D:4)
2 creatures vanquished.

Grand Total: 101 creatures vanquished

Notes
Turn   | Place    | Note
-------+----------+-------------------------------------------
     0 | D:1      | xian the Draconian Conjurer began the quest for the Orb.
     0 | D:1      | Reached XP level 1. HP: 14/14 MP: 3/3
    84 | D:1      | Found a faded altar of an unknown god.
   251 | D:1      | Reached XP level 2. HP: 18/20 MP: 0/5
  1315 | D:2      | Reached XP level 3. HP: 26/26 MP: 1/6
  1318 | D:2      | Learned a level 2 spell: Searing Ray
  1450 | D:2      | Reached skill level 5 in Conjurations
  1873 | D:2      | Reached XP level 4. HP: 33/33 MP: 2/7
  2001 | D:2      | Found Sosaodin's Armour Emporium.
  2117 | D:2      | Reached skill level 1 in Short Blades
  3182 | D:3      | Noticed Natasha
  3186 | D:3      | Killed Natasha
  3187 | D:3      | Reached XP level 5. HP: 39/39 MP: 4/9
  3201 | D:3      | Noticed an angel
  3202 | D:3      | Found a shimmering altar of Xom.
  3207 | D:3      | Found a glowing silver altar of Zin.
  3388 | D:3      | Killed an angel
  3456 | D:3      | Reached skill level 1 in Fighting
  4002 | D:3      | Noticed Grinder
  4015 | D:3      | Killed Grinder
  4016 | D:3      | Reached skill level 6 in Conjurations
  4016 | D:3      | Reached XP level 6. HP: 8/47 MP: 7/11
  4335 | D:3      | Noticed Natasha
  4446 | D:3      | Killed Natasha
  4453 | D:3      | Noticed Natasha
  4460 | D:3      | Killed Natasha
  4461 | D:3      | Your scales start taking on a pale cyan-grey colour.
  4461 | D:3      | Reached XP level 7. HP: 50/52 MP: 3/13
  4461 | D:3      | Gained mutation: You are immune to the effects of steam.
                  | [Pale Draconian growth]
  4902 | D:3      | Found a burning altar of Makhleb.
  4984 | D:3      | Learned a level 4 spell: Iskenderun's Mystic Blast
  5248 | D:4      | HP: 2/52 [bullfrog (3)]
  5249 | D:4      | Slain by a bullfrog

Illustrated notes

Levels and vault maps discovered:
D:1:      scummos_arrival_forest, layout_basic,
          hellmonk_ecumenical_altar_blasted
D:2:      minmay_thinvault, layout_basic, serial_shops, shop_fountains,
          serial_park_tiny_pond
D:3:      minmay_evil_eye, layout_loops_cross,
          grunt_temple_overflow_order_and_chaos_1, lemuel_round_altar,
          minivault_27, hangedman_decor_peaks_small, minmay_bisected,
          uniq_grinder, uniq_natasha
D:4:      layout_basic, lemuel_doored_altar, mainiacjoe_overflow_boulevard,
          serial_shops, shop, minmay_manual_mail

Skill      XL: |  1  2  3  4  5  6 |
---------------+-------------------+-----
Dodging        | 2 |  2.5
Conjurations   | 5 6 |  6.2
Short Blades   | 1 2 |  2.4
Stealth        | 2 |  2.5
Spellcasting   | 3 4 |  4.4
Fighting       | 1 |  1.3
Maces & Flails | |  0.1

Action                   |  1- 3 |  4- 6 |  7- 9 || total
-------------------------+-------+-------+-------++-------
Melee: Whip              |    12 |       |       ||    12
       Unarmed           |     1 |       |       ||     1
       Short sword       |    51 |    11 |       ||    62
       Tailslap          |    11 |     2 |     1 ||    14
       Punch             |     3 |     1 |       ||     4
       Hand axe          |       |       |     1 ||     1
 Cast: Magic Dart        |    44 |    89 |    23 ||   156
       Searing Ray       |     4 |    12 |     1 ||    17
 Abil: Breathe Steam     |       |       |     1 ||     1
  Use: Potion            |       |     1 |     1 ||     2
       Scroll            |       |       |     4 ||     4
 Stab: Sleeping          |     1 |       |       ||     1
Armor: Skin              |    25 |     9 |    13 ||    47
Dodge: Dodged            |    61 |    20 |    21 ||   102

Table legend: (Time is in decaauts)
 A = Elapsed time spent in this place.
 B = Non-inter-level travel time spent in this place.
 C = Inter-level travel time spent in this place.
 D = Time resting spent in this place.
 E = Time spent auto-exploring this place.
 F = Levels seen in this place.
 G = Mean time per level.
                   A        B        C        D        E       F      G
               +--------+--------+--------+--------+--------+-----+--------+
         Total |   5264 |   5131 |    133 |     67 |   4335 |   4 | 1316.0 |
       Dungeon |   5264 |   5131 |    133 |     67 |   4335 |   4 | 1316.0 |
               +--------+--------+--------+--------+--------+-----+--------+

Top non-repeatable levels by time:
     D:3: 1955 daAuts
     D:2: 1793 daAuts
     D:1: 1269 daAuts
     D:4: 246 daAuts
